Map: Orbital Shipyard

Players

MinChul (MC) - Winner!

  • Race: Protoss Protoss

JimRising

  • Race: Zerg Zerg
  • League: Grandmaster

Event: Root's WW3

VOD

https://youtu.be/moU2kjdJ9ZA?t=516

Description

Time

  • Played on: Dec. 11, 2015, 8:21 a.m.
  • Length: 11:33

All games in this series

Show
View Real Time Build Order
Export as new Build Order

MinChul Protoss - Winner!

Build Orders: Nexus First 

Get SALT Encoding   

  12  0:01  Probe (Chrono Boost)  
  13  0:11  Probe (Chrono Boost)  
  14  0:20  Pylon  
  14  0:22  Probe (Chrono Boost)  
  15  0:38  Probe (Chrono Boost)  
  16  0:49  Probe (Chrono Boost)  
  17  1:02  Nexus  
  17  1:06  Probe (Chrono Boost)  
  18  1:17  Gateway, Probe (Chrono Boost)  
  19  1:23  Assimilator  
  19  1:28  Probe (Chrono Boost)  
  19  1:31  Assimilator  
  20  1:38  Probe (Chrono Boost)  
  21  1:41  Pylon  
  21  1:49  Probe (Chrono Boost)  
  22  1:59  Probe (Chrono Boost)  
  23  2:04  Cybernetics Core, Zealot  
  25  2:14  Probe x2 (Chrono Boost)  
  27  2:24  Probe x2 (Chrono Boost)  
  29  2:34  Probe (Chrono Boost)  
  29  2:35  Probe (Chrono Boost)  
  31  2:40  Stalker (Chrono Boost), Warp Gate  
  33  2:44  Twilight Council, Probe  
  33  2:48  Probe  
  35  2:55  Probe  
  36  3:00  Probe  
  36  3:05  Probe, Pylon  
  37  3:06  Stalker (Chrono Boost)  
  37  3:12  Probe  
  41  3:16  Probe, Resonating Glaives (Chrono Boost)  
  42  3:24  Robotics Facility  
  42  3:26  Pylon  
  42  3:29  Probe  
  42  3:30  Probe  
  42  3:34  Adept  
  46  3:38  Assimilator  
  46  3:39  Probe  
  47  3:43  Mothership Core  
  49  3:50  Probe  
  50  3:59  Gateway  
  50  4:01  Gateway  
  50  4:02  Gateway  
  50  4:04  Gateway  
  50  4:07  Sentry  
  52  4:10  Probe, Pylon  
  52  4:11  Probe  
  54  4:19  Warp Prism (Chrono Boost)  
  54  4:23  Assimilator  
  56  4:25  Probe x2  
  58  4:31  Pylon  
  58  4:37  Probe x2, Pylon  
  60  4:42  Sentry  
  62  4:51  Observer (Chrono Boost)  
  63  4:54  Pylon, Blink  
  63  4:58  Adept x4  
  71  5:01  Pylon  
  71  5:13  Nexus  
  71  5:27  Adept x4  
  79  5:28  Adept  
  81  5:36  Probe  
  81  5:37  Probe  
  83  5:48  Adept  
  83  5:49  Adept x4  
  77  5:57  Probe x2  
  73  6:05  Immortal (Chrono Boost)  
  73  6:06  Robotics Bay  
  73  6:10  Forge  
  77  6:19  Probe x2  
  79  6:28  Adept x5  
  79  6:29  Probe  
  79  6:31  Probe  
  91  6:37  Probe  
  91  6:39  Probe  
  92  6:43  Probe  
  92  6:45  Protoss Ground Weapons Level 1 (Chrono Boost)  
  92  6:46  Immortal (Chrono Boost)  
  96  6:57  Sentry  
  96  6:58  Sentry x2, Stalker  
  96  7:00  Assimilator  
  104  7:02  Assimilator  
  96  7:10  Probe  
  96  7:11  Stalker, Probe  
  96  7:12  Probe  
  99  7:17  Gateway  
  99  7:18  Gateway  
  99  7:19  Gateway  
  99  7:21  Probe  
  100  7:23  Probe  
  100  7:24  Probe  
  100  7:29  Stalker x4  
  104  7:55  Probe x2  
  106  8:03  Stalker x5  
  116  8:09  Pylon  
  116  8:11  Pylon  
  116  8:13  Probe, Pylon  
  116  8:14  Pylon  
  117  8:24  Probe  
  117  8:25  Probe  
  117  8:30  Stalker x8  
  123  8:39  Protoss Ground Weapons Level 2 (Chrono Boost)  
  125  8:53  Stalker x3  
  125  8:54  Stalker x5  
  117  9:18  Stalker x8  
  117  9:23  Pylon  
  133  9:24  Pylon  
  97  9:46  Stalker x8  
  97  9:48  Disruptor  
  116  10:11  Adept x8  
  114  10:34  Stalker x5  
  114  10:35  Stalker x3  
  97  10:58  Adept  
  97  10:59  Adept x5  
  97  11:03  Adept  
  101  11:16  Adept  
  97  11:22  Adept x5  
  101  11:28  Stalker x2  
Show
View Real Time Build Order
Export as new Build Order

JimRising Zerg 

Build Orders: Hatch First 

Get SALT Encoding   

  12  0:01  Drone  
  13  0:13  Overlord  
  13  0:18  Drone  
  14  0:32  Drone x2  
  16  0:37  Drone  
  17  0:53  Hatchery  
  17  0:56  Drone  
  17  1:00  Drone  
  18  1:15  Spawning Pool  
  18  1:16  Drone  
  18  1:26  Extractor  
  18  1:28  Drone  
  18  1:34  Overlord  
  18  1:49  Drone  
  19  2:02  Queen  
  19  2:04  Zergling x2  
  19  2:05  Queen  
  19  2:07  Drone x2  
  26  2:12  Drone  
  27  2:17  Drone  
  28  2:25  Drone  
  29  2:34  Metabolic Boost  
  29  2:40  Hatchery, Drone x2  
  29  2:42  Drone  
  31  2:46  Drone  
  32  2:54  Overlord  
  32  2:57  Queen  
  34  3:05  Zergling x4  
  36  3:09  Overlord  
  36  3:13  Drone x3  
  39  3:21  Roach Warren  
  39  3:22  Drone  
  39  3:27  Drone x3  
  42  3:45  Drone  
  42  3:46  Drone x3  
  42  3:47  Extractor  
  45  3:53  Drone x4  
  45  3:54  Drone  
  50  4:01  Drone  
  51  4:07  Roach  
  51  4:08  Roach x2  
  51  4:09  Overlord x2  
  57  4:12  Lair  
  57  4:14  Drone  
  58  4:20  Evolution Chamber  
  58  4:23  Drone, Spine Crawler  
  57  4:26  Overlord  
  57  4:27  Overlord  
  57  4:29  Drone x3  
  60  4:35  Queen  
  62  4:40  Overlord  
  62  4:46  Drone  
  62  4:50  Hatchery  
  62  4:51  Ravager x3  
  65  4:59  Zerg Melee Weapons Level 1  
  65  5:00  Zergling x12  
  65  5:01  Zergling x2  
  65  5:05  Drone  
  65  5:06  Drone x2  
  75  5:08  Roach  
  77  5:18  Drone  
  77  5:20  Zergling x6  
  81  5:29  Roach x2  
  81  5:30  Roach x2, Zergling x2  
  89  5:44  Overlord  
  89  5:45  Overlord x3  
  89  5:47  Queen  
  76  5:59  Drone x2  
  76  6:00  Zergling x4, Extractor  
  76  6:01  Extractor, Zergling x4  
  80  6:07  Extractor  
  80  6:09  Extractor  
  80  6:10  Drone  
  80  6:11  Drone x4  
  81  6:12  Drone, Overlord x2  
  82  6:24  Drone x3  
  82  6:25  Drone x3  
  86  6:27  Drone x2  
  86  6:28  Spire  
  86  6:31  Drone x3  
  86  6:32  Overlord  
  90  6:48  Zergling x18  
  90  6:53  Zergling x6  
  100  6:58  Queen  
  98  7:04  Zergling x4  
  98  7:05  Zergling x4  
  97  7:10  Drone  
  97  7:11  Drone x4  
  97  7:15  Zergling x14  
  108  7:23  Zerg Ground Armor Level 1  
  108  7:24  Drone x2  
  108  7:26  Drone x3  
  108  7:27  Evolution Chamber  
  112  7:33  Overlord  
  106  7:50  Mutalisk  
  106  7:51  Mutalisk x7  
  96  7:53  Zergling x12  
  96  7:55  Zergling x2  
  116  8:01  Roach x4  
  116  8:03  Zergling x4  
  116  8:05  Zergling x4  
  123  8:08  Zergling x6  
  123  8:09  Roach  
  123  8:10  Roach  
  123  8:12  Roach  
  131  8:21  Roach x2  
  132  8:29  Zergling x16  
  132  8:31  Roach  
  132  8:32  Zergling x4  
  135  8:35  Overlord x2  
  135  8:36  Overlord  
  135  8:39  Ravager  
  136  8:48  Ravager  
  126  8:58  Roach x5  
  126  8:59  Roach x5  
  126  9:01  Ravager x4  
  145  9:05  Zergling x8  
  145  9:06  Zergling x6  
  145  9:07  Zergling x6  
  145  9:08  Zergling x2  
  151  9:13  Zergling x10  
  151  9:16  Zergling x2  
  153  9:19  Drone  
  153  9:20  Ravager x3  
  135  9:42  Zergling x12  
  135  9:43  Zergling x16  
  144  9:48  Glial Reconstitution  
  144  9:51  Zergling x6  
  146  9:53  Zergling x4  
  146  9:55  Zergling x2  
  139  10:07  Zergling x18  
  141  10:18  Roach x5  
  146  10:30  Zergling x2  
  146  10:31  Zergling x12  
  146  10:34  Ravager x3  
  146  10:35  Ravager x2  
  152  10:41  Zergling x6  
  107  10:55  Drone x5  
  107  10:56  Drone  
Tags
 
Add a new tag
Caveats
  • Supply blocks, unpowered buildings, or Contaminate may cause inaccurate times.
  • Supply counts are checked every 10 seconds.